 Dungeon Crawl Stone Soup version 0.32-a0-818-gb728d02 (webtiles) character file.

Game seed: 6787184593721269997

2107805 Draconius the Slayer (level 27, 167/167 HPs)
             Began as a Gargoyle Earth Elementalist on Mar 21, 2024.
             Was the Champion of Yredelemnul.
             Escaped with the Orb
             ... and 3 runes
             ... and 1 gem on Mar 23, 2024!
             The game lasted 08:02:05 (52163 turns).

Draconius the Slayer (Gargoyle Earth Elementalist) Turns: 52163, Time: 08:02:05

Health: 167/167    AC: 38    Str: 14      XL:     27
Magic:  65/65      EV: 14    Int: 40 (44) God:    Yredelemnul [******]
Gold:   1624       SH: 17    Dex: 17      Spells: 5/67 levels left

rFire   + + +        b - staff "Beetle's Nightmare" {rN+ MP+9 Int+4 SInv Stlth+ Necro}
rCold   + + .        e - +5 kite shield {AC+3}
rNeg    + + +        C - +2 robe {rC+ rF+}
rPois   ∞            P - +2 helmet {Int+3}
rElec   +            p - +2 cloak
rCorr   .            q - +1 pair of gloves "Ygain" {rElec rF+ Dex+7 Slay-2}
SInv    +            m - +2 pair of boots
Will    ++...        A - amulet of Vitality {Regen++ RegenMP++}
Stlth   ++           t - ring "Soronir" {rF+ rC+ Int+3}
HPRegen 2.07/turn    n - ring "Osixt" {rN+ MP+9 Int+6}
MPRegen 1.19/turn

%: no passive effects
@: flying, wreathed by umbra, studying 2 skills
A: sickness immunity, AC +20, big wings, negative energy resistance 1,
electricity resistance, torment resistance 1, petrification resistance, claws 1,
deformed body, deterioration 1, frail 1, subdued magic 1, persistent drain
0: Orb of Zot
}: 3/15 runes: serpentine, barnacled, slimy
a: Renounce Religion, Light the Black Torch, Recall Undead Harvest, Hurl
Torchlight, Bind Soul, Fathomless Shackles


You escaped.
You worshipped Yredelemnul.
Yredelemnul was aware of your devotion.
You visited 10 branches of the dungeon, and saw 49 of its levels.
You visited 1 bazaar.
You visited 1 ziggurat, and saw 8 of its levels.
You also visited: Sewer and Volcano.

You collected 7598 gold pieces.
You spent 5974 gold pieces at shops.

Inventory:

Armour
 e - a +5 kite shield of protection (worn)
 m - a +2 pair of boots (worn)
 p - a +2 cloak (worn)
 q - the +1 pair of gloves "Ygain" (worn) {rElec rF+ Dex+7 Slay-2}
   (You found it on level 3 of the Depths)

   Dex+7:     It affects your dexterity (+7).
   Slay-2:    It affects your accuracy & damage with ranged weapons and melee
   (-2).
   rF+:       It protects you from fire.
   rElec:     It insulates you from electricity.
 C - a +2 robe of resistance (worn)
 P - a +2 helmet of intelligence (worn)
Magical Staves
 b - the staff "Beetle's Nightmare" (weapon) {rN+ MP+9 Int+4 SInv Stlth+ Necro}
   (You found it on level 4 of the Shoals)

   [staff of death]

   Base accuracy: +5 Base damage: 5 Base attack delay: 1.2 This weapon's minimum
   attack delay (0.6) is reached at skill level 12.
   Int+4:     It affects your intelligence (+4).
   rN+:       It protects you from negative energy.
   MP+9:      It affects your magic capacity (+9).
   SInv:      It lets you see invisible.
   Stlth+:    It makes you more stealthy.
   Necro:     It increases the power of your Necromancy spells.
   It falls into the 'Staves' category.
   It is a one-handed weapon.
Jewellery
 c - a +6 ring of intelligence
 n - the ring "Osixt" (right hand) {rN+ MP+9 Int+6}
   (You bought it in a shop on level 14 of the Dungeon)

   [ring of intelligence]

   Int+6:     It affects your intelligence (+6).
   rN+:       It protects you from negative energy.
   MP+9:      It affects your magic capacity (+9).
 t - the ring "Soronir" (left hand) {rF+ rC+ Int+3}
   (You found it on level 2 of the Depths)

   [ring of protection from fire]

   Int+3:     It affects your intelligence (+3).
   rF+:       It protects you from fire.
   rC+:       It protects you from cold.
 A - the amulet of Vitality (around neck) {Regen++ RegenMP++}
   (You bought it in a shop in a bazaar)

   [amulet of nothing]

   Regen++:   It increases your rate of health regeneration.
   RegenMP++: It increases your rate of magic regeneration.
 K - a ring of wizardry
 Q - an amulet of magic regeneration
 V - the ring "Qedghec" {Fire Int+4 Slay+6}
   (You found it on level 2 of the Depths)

   [ring of fire]

   Fire:      It enhances your fire magic.
   Int+4:     It affects your intelligence (+4).
   Slay+6:    It affects your accuracy & damage with ranged weapons and melee
   (+6).
   rF+:       It protects you from fire.
   rC-:       It makes you vulnerable to cold.
 X - the amulet of the Heavens {rPois Regen+}
   (You found it on level 5 of the Pits of Slime)

   [amulet of regeneration]

   rPois:     It protects you from poison.
   Regen+:    It increases your rate of health regeneration.
 Y - a ring of resist corrosion
Wands
 r - a wand of mindburst (27)
 H - a wand of paralysis (27)
 N - a wand of flame (109)
 O - a wand of warping (51)
 R - a wand of light (31)
 U - a wand of digging (21)
Scrolls
 h - 7 scrolls of fear
 i - 23 scrolls of teleportation
 o - 3 scrolls of brand weapon
 s - 7 scrolls of amnesia
 u - 4 scrolls of revelation
 w - 5 scrolls of blinking
 y - 12 scrolls of enchant weapon
 B - 6 scrolls of poison
 F - 2 scrolls of torment
 G - 9 scrolls of fog
 I - 4 scrolls of butterflies
 T - 3 scrolls of vulnerability
 W - 6 scrolls of immolation
Potions
 a - 8 potions of might
 d - 22 potions of curing
 f - 3 potions of resistance
 k - 7 potions of enlightenment
 l - 12 potions of heal wounds
 v - 13 potions of mutation
 x - 7 potions of cancellation
 z - 7 potions of haste
 D - 4 potions of magic
 J - 4 potions of invisibility
 L - 8 potions of brilliance
 M - 9 potions of lignification
 S - 3 potions of ambrosia
Miscellaneous
 g - a phial of floods
 j - a condenser vane
 E - a phantom mirror
 Z - a sack of spiders


   Skills:
 + Level 22.8 Fighting
 - Level 1.1(1.6) Polearms
 - Level 2.1(2.3) Staves
 - Level 4.0 Armour
 - Level 8.0 Dodging
 - Level 2.1 Stealth
 - Level 10.0 Shields
 + Level 20.6 Spellcasting
 - Level 8.0 Conjurations
 * Level 21.2 Summonings
 - Level 17.0 Necromancy
 - Level 10.0 Translocations
 - Level 7.0 Ice Magic
 - Level 5.0 Air Magic
 - Level 12.1 Earth Magic
 - Level 10.0 Invocations
 - Level 8.0 Evocations


You had 5 spell levels left.
You knew the following spells:

 Your Spells              Type           Power      Damage    Failure   Level
a - Borgnjor's Revivific  Necr           58%        N/A       7%          8
b - Dragon's Call         Summ           52%        N/A       21%         9
c - Blink                 Tloc           100%       N/A       1%          2
d - Malign Gateway        Summ/Tloc      45%        N/A       1%          7
e - Summon Horrible Thin  Summ           52%        N/A       1%          8
f - Martyr's Knell        Necr/Summ      100%       N/A       0%          4
h - Haunt                 Necr/Summ      61%        N/A       1%          7
k - Infestation           Necr           58%        N/A       7%          8
l - Anguish               Hex/Necr       45%        N/A       1%          4
m - Borgnjor's Vile Clut  Necr/Erth      55%        N/A       1%          5

Your spell library contained the following spells:

 Spells                   Type           Power      Damage    Failure   Level
 Apportation              Tloc           100%       N/A       0%          1
 Necrotise                Necr           100%       1d9       0%          1
 Sandblast                Erth           100%       2d20      0%          1
 Summon Small Mammal      Summ           100%       N/A       0%          1
 Call Imp                 Summ           100%       N/A       0%          2
 Call Canine Familiar     Summ           100%       N/A       0%          3
 Fugue of the Fallen      Necr           100%       N/A       0%          3
 Passwall                 Erth           82%        N/A       0%          3
 Vampiric Draining        Necr           100%       2d13      0%          3
 Animate Armour           Summ/Erth      100%       N/A       0%          4
 Magic Dart               Conj           100%       1d8       1%          1
 Shock                    Conj/Air       100%       1d9       1%          1
 Slow                     Hex            100%       N/A       1%          1
 Sting                    Conj/Alch      100%       1d9       1%          1
 Ensorcelled Hibernation  Hex/Ice        100%       N/A       1%          2
 Jinxbite                 Hex            62%        N/A       1%          2
 Lesser Beckoning         Tloc           100%       N/A       1%          2
 Mercury Vapours          Alch/Air       94%        N/A       1%          2
 Momentum Strike          Conj/Tloc      100%       3d10      1%          2
 Scorch                   Fire           62%        2d7       1%          2
 Dazzling Flash           Conj/Hex       100%       N/A       1%          3
 Frozen Ramparts          Ice            100%       1d16      1%          3
 Mephitic Cloud           Conj/Alch/Air  55%        N/A       1%          3
 Ozocubu's Armour         Ice            66%        N/A       1%          3
 Stone Arrow              Conj/Erth      100%       3d13      1%          3
 Swiftness                Air            58%        N/A       1%          3
 Airstrike                Air            29%        2d(5-21)  1%          4
 Brom's Barrelling Bould  Conj/Erth      76%        2d9       1%          4
 Flame Wave               Conj/Fire      54%        2d13      1%          4
 Leda's Liquefaction      Alch/Erth      31%        N/A       1%          4
 Manifold Assault         Tloc           75%        N/A       1%          4
 Passage of Golubria      Tloc           75%        N/A       1%          4
 Petrify                  Alch/Erth      62%        N/A       1%          4
 Summon Blazeheart Golem  Fire/Summ      77%        N/A       1%          4
 Summon Lightning Spire   Summ/Air       85%        N/A       1%          4
 Curse of Agony           Necr           100%       N/A       1%          5
 Freezing Cloud           Conj/Ice/Air   32%        6-21      1%          5
 Lee's Rapid Deconstruct  Erth           41%        3d20*     1%          5
 Confusing Touch          Hex            31%        N/A       3%          3
 Inner Flame              Hex/Fire       31%        N/A       3%          3
 Sigil of Binding         Hex            31%        N/A       3%          3
 Tukima's Dance           Hex            31%        N/A       3%          3
 Fireball                 Conj/Fire      27%        3d12      6%          5
 Metabolic Englaciation   Hex/Ice        26%        N/A       8%          5
 Cause Fear               Hex            15%        N/A       12%         4
 Ignite Poison            Fire/Alch      31%        N/A       12%         4
 Olgreb's Toxic Radiance  Alch           31%        N/A       12%         4
 Sticky Flame             Fire/Alch      31%        2d7       12%         4
 Silence                  Hex/Air        23%        N/A       12%         5
 Alistair's Intoxication  Alch           20%        N/A       32%         5
 Yara's Violent Unravell  Hex/Alch       15%        3d8       32%         5
 Summon Cactus Giant      Summ           52%        N/A       1%          6
 Summon Hydra             Summ           52%        N/A       1%          7
 Permafrost Eruption      Ice/Erth       37%        2x4d11    3%          6
 Sculpt Simulacrum        Ice/Alch       26%        N/A       41%         6
 Ozocubu's Refrigeration  Ice            33%        4d14      52%         7
 Death's Door             Necr           58%        N/A       77%         9
 Lehudib's Crystal Spear  Conj/Erth      38%        10d9      78%         8
 Eringya's Noxious Bog    Alch           15%        4d6       89%         6
 Enfeeble                 Hex            15%        N/A       100%        7
 Polar Vortex             Ice            33%        12d4*     100%        9
 Sublimation of Blood     Necr           Unusable   N/A       N/A         2
 Animate Dead             Necr           Unusable   N/A       N/A         4
 Cigotuvi's Dreadful Rot  Necr/Alch/Air  Unusable   N/A       N/A         2
 Death Channel            Necr           Unusable   N/A       N/A         6

Dungeon Overview and Level Annotations

Branches:
Dungeon (15/15)            Temple (1/1) D:7            Lair (5/5) D:10
 Shoals (4/4) Lair:2        Snake (4/4) Lair:3        Slime (5/5) Lair:5
    Orc (2/2) D:10            Elf (0/3) Orc:2        Vaults (4/5) D:13
  Crypt (0/3) Vaults:2     Depths (4/4) D:15            Zot (5/5) Depths:4
  Sewer (visited)         Volcano (visited)

Altars:
Ashenzari
Cheibriados
Dithmenos
Elyvilon
Fedhas
Gozag
Hepliaklqana
Kikubaaqudgha
Makhleb
Nemelex Xobeh
Okawaru
Qazlal
Ru
Sif Muna
Trog
Uskayaw
Vehumet
Wu Jian
Xom
Yredelemnul
Zin
The Shining One
Lugonu

Shops:
D:5 [   D:9 (   D:14 =   Orc:2 *=*[   Shoals:2 ((   Shoals:4 [
Snake:2 :**!(**   Snake:3 =   Vaults:2 !   Vaults:4 :   Depths:1 :
Depths:4 :([

Portals:
Hell: Depths:1 Depths:2 Depths:3 Depths:4
Abyss: Depths:2 Depths:3
Pandemonium: Depths:2
Trove: Vaults:1 (give +5 fire dragon scales)

Annotations:
D:8 2 transporters, cinnamon's ghost, novice CoWr
Lair:2 1 runed translucent door, chesyn's ghost, journeyman MDIE
Depths:2 1 transporter


Innate Abilities, Weirdness & Mutations

You are immune to sickness and miasma.
Your stone body is resilient. (AC +20)
You are immune to poison.
Your large and strong wings let you fly.
You resist negative energy. (rN+)
You are resistant to electric shocks. (rElec)
You are resistant to unholy torment.
You are immune to petrification.
You have sharp fingernails.
Armour fits poorly on your strangely shaped body.
Your body sometimes deteriorates upon taking damage.
You are frail. (-10% HP)
Your spells are a little easier to cast, but a little less powerful.
Your health recovers twice as slowly from being drained.


Message History

Confirm with . or Enter, or press ? or * to list all spells.
You swap places.
You see here a +0 morningstar.
Magic restored.
Your extra speed is starting to run out.
You feel yourself slow down.
There is a stone staircase leading up here.
There is a stone staircase leading up here.
You fly upwards.
There is a stone staircase leading down here.
There is an escape hatch in the ceiling here.
A mysterious force pulls you upwards. The hatch slams shut behind you.
Items here: ))) ÷÷÷.
Things that are here:
a +0 flail; a gnoll skeleton
There is a stone staircase leading up here.
You fly upwards.
There is a stone staircase leading down here.
There is a stone staircase leading up here.
You fly upwards.
There is a stone staircase leading down here.
What level of the Dungeon? (default 5, ? - help)
You fly downwards.
There is a stone staircase leading up here.
You fly upwards.
There is a stone staircase leading down here.
What level of the Dungeon? (default 5, ? - help)
There is an open door here.
There is a stone staircase leading up here.
You fly upwards.
There is a stone staircase leading down here.
There is a stone staircase leading up here.
You fly upwards.
There is a stone staircase leading down here.
There is a stone staircase leading up here.
You fly upwards.
There is a stone staircase leading down here.
There is an open door here.
There is a staircase leading out of the dungeon here.
You have escaped!

########.'.........###.........'.
.........#..####.### ###.####..#.
######.#.#.#.###.# #.###.#.#.
##....#.##.#.## ##.#.##.#.
#.....#.###.## ##.###.#.
#.....#.##.#.## ##.#.##.#.
#.....#.#.###.# #.###.#.#.
#.....#..####.### ###.####..#.
#...†.'......@..###.........'.
#.....##.####.##.#.##.####.##.
####.....###.###.###.###.###.###.
.....##### ##.##.##.#.##.##.## #.
###..# ##.#.#.###.#.#.## #.
###..##########...#####...## #[
#...........# ##.........## #.
......##########'#######'#######.
#................................


There were no monsters in sight!

Vanquished Creatures
  A dread lich (Zot:5)
  Margery (Vaults:3)
  A golden dragon (Zot:2)
  A profane servitor (Zig:5)
  2 tentacled monstrosities
  4 Orb Guardians
  A sphinx (Depths:2)
  An acid blob (Slime:5)
  3 death cobs
  Gastronok (D:10)
  The ghost of korenl137 the Brawler, an adept DrSh of Wu Jian (Snake:4)
  A tengu reaver (D:13)
  Aizul (Shoals:2)
  2 storm dragons
  A shadow dragon (Zig:8)
  Roxanne (Shoals:2)
  3 nagarajas (Snake:4)
  Ilsuiw (Shoals:4)
  5 protean progenitors
  2 draconian shifters
  4 vault wardens
  A ghost moth (Zot:3)
  A draconian scorcher (Zot:2)
  An orc warlord (Orc:2)
  A draconian stormcaller (Zot:3)
  A draconian annihilator (Zot:3)
  An ironbound preserver (Vaults:4)
  A stone giant (Depths:1)
  An ironbound thunderhulk (Vaults:2)
  A black draconian (Zot:2)
  3 green draconians
  A yellow draconian (Zot:5)
  A dire elephant (Vaults:1)
  2 red draconians
  A purple draconian (Zot:2)
  5 merfolk javelineers
  A deep elf high priest (Vaults:3)
  A fire dragon (Depths:2)
  A rakshasa (D:15)
  A great orb of eyes (Vaults:4)
  3 yaktaur captains
  2 salamander tyrants
  A spriggan air mage (Depths:4)
  2 hydras
  2 catoblepae
  2 ironbound frosthearts
  6 anacondas
  A centaur warrior (Vaults:2)
  5 two-headed ogres
  A merfolk avatar (Lair:5)
  A boulder beetle (Lair:5)
  A merfolk aquamancer (Shoals:3)
  An alligator (Zot:3)
  A satyr (Shoals:3)
  A hell hog (Volcano)
  A deep troll shaman (Depths:4)
  2 tengu warriors
  3 deep troll earth magi
  6 naga sharpshooters (Snake:4)
  3 naga warriors
  4 orc high priests
  5 shock serpents
  A deep elf knight (Orc:1)
  A hell knight (Vaults:3)
  3 iron trolls (Depths:4)
  4 skysharks
  A sun demon (Depths:4)
  A fire crab (Volcano)
  2 salamander mystics
  7 deep trolls
  8 sea snakes
  4 glowing orange brains
  An arcanist (D:14)
  4 mana vipers
  3 ironbound convokers
  An obsidian statue (Zig:8)
  A kraken simulacrum (Shoals:4)
  3 harpies
  2 naga ritualists
  4 orc knights (Orc:2)
  5 ugly things
  2 deep elf pyromancers
  6 manticores
  3 orc sorcerers
  5 oklob plants
  A cyclops (D:9)
  A kobold blastminer (Orc:1)
  3 merfolk sirens
  8 salamanders
  2 meliai (D:14)
  2 moths of wrath
  5 guardian serpents
  15 slime creatures
  A molten gargoyle (D:13)
  3 water nymphs
  3 elephants
  6 naga magi
  22 black mambas
  A spectral orc (Snake:3)
  2 torpor snails
  3 vault sentinels
  5 rime drakes
  4 cane toads
  2 unseen horrors
  A freezing wraith (D:14)
  A kobold demonologist (D:11)
  A komodo dragon (Lair:1)
  A sea snake zombie (Shoals:4)
  4 efreet
  A tengu conjurer (D:15)
  8 yaktaurs
  2 trolls
  A queen bee (Lair:1)
  2 hornets
  A polar bear (Lair:5)
  4 wind drakes
  2 raiju
  A snapping turtle (Shoals:1)
  12 merfolk
  10 blink frogs
  A black mamba zombie (Snake:3)
  A shadow (D:11)
  41 yaks
  5 water elementals
  4 fire bats
  3 wyverns
  A fire elemental (D:13)
  A steam dragon (D:8)
  2 wargs (Orc:2)
  4 basilisks
  A merfolk zombie (Shoals:4)
  19 nagas
  An acid dragon (D:11)
  5 hell hounds
  A cane toad zombie (Lair:5)
  15 water moccasins
  6 black bears
  14 orc warriors
  An ice beast (D:7)
  A sky beast (D:8)
  4 ogres
  4 centaurs
  3 phantoms
  A kobold brigand (Sewer)
  17 bullfrogs
  A hell hound zombie (D:12)
  An earth elemental (Depths:1)
  4 scorpions
  6 wights
  A polar bear zombie (Lair:5)
  A troll zombie (Orc:1)
  28 killer bees
  3 electric eels
  A bombardier beetle (D:5)
  3 howler monkeys
  A lava snake (Lair:4)
  2 hounds
  A jelly (D:6)
  3 iguanas
  19 orc priests
  Terence (D:2)
  Jessica (D:2)
  3 hell rats (Lair:3)
  14 orc wizards
  A naga zombie (Snake:3)
  12 adders
  11 gnolls
  8 river rats
  A shadow imp (D:5)
  3 white imps
  2 ufetubi (D:6)
  42 orcs
  7 ball pythons
  5 endoplasms
  4 giant cockroaches
  5 goblins
  5 hobgoblins
  2 jackals (D:1)
  18 kobolds
  A quokka (D:2)
  7 bats
  5 frilled lizards
  8 orc zombies
  21 rats
749 creatures vanquished.

Vanquished Creatures (collateral kills)
  the Royal Jelly (Slime:5)
  A dread lich (Zot:5)
  3 orbs of fire
  An ancient lich (Zot:5)
  The ghost of Foeluo the Slayer, a master DjHW of Makhleb (Zot:1)
  A pandemonium lord (Zig:3)
  A juggernaut (Depths:2)
  Bai Suzhen (Snake:3)
  Sojobo (Vaults:2)
  5 Killer Klowns
  Vashnia (Snake:4)
  Nikola (Vaults:1)
  6 golden dragons
  A profane servitor (Zig:1)
  A bone dragon (Depths:4)
  A Tzitzimitl (D:10)
  4 electric golems
  A starcursed mass (Zig:5)
  22 tentacled monstrosities
  The ghost of Maeli the Bludgeoner, an adept OnGl of Okawaru (Shoals:1)
  The ghost of Maeli the Bludgeoner, an adept OnGl of Okawaru (Shoals:1)
  A titan (Depths:2)
  5 liches
  19 Orb Guardians
  The ghost of Tezivu the Earth Mage, an adept DEEE of Vehumet (Shoals:1)
  A searing wretch (Vaults:3)
  The ghost of Jedeko the Warrior, an adept MDMo of Elyvilon (Shoals:1)
  2 quicksilver dragons
  12 acid blobs
  8 sphinxes
  The ghost of Wab Jare the Brawler, an adept TrGl of Hepliaklqana (Depths:3)
  8 death cobs
  2 ancient champions (Depths:2)
  6 storm dragons
  The ghost of Dabriqe the Blocker, an adept GnFi of Gozag (Shoals:1)
  8 tengu reavers
  Donald (Shoals:3)
  12 rockslimes
  7 shadow dragons
  5 draconian monks
  7 nagarajas (Snake:4)
  5 fire giants
  3 protean progenitors
  3 draconian knights
  8 azure jellies
  An iron dragon (Depths:1)
  4 draconian shifters
  8 frost giants
  2 balrugs (Depths:1)
  8 vault wardens
  A revenant (Zig:8)
  2 draconian scorchers (Zot:1)
  2 curse skulls (Zig:4)
  5 ghost moths
  A reaper (Zig:4)
  3 cacodemons (Depths:3)
  4 draconian stormcallers
  5 draconian annihilators
  14 very ugly things
  2 broodmothers (Zot:4)
  An orc warlord (Orc:1)
  An ophan (Zig:7)
  14 ironbound preservers
  3 formless jellyfish
  9 black draconians
  13 stone giants
  9 quicksilver oozes
  9 green draconians
  14 purple draconians
  8 red draconians
  9 ironbound thunderhulks
  A spark wasp (Depths:2)
  A war gargoyle (Vaults:4)
  7 yellow draconians
  13 white draconians
  6 dire elephants
  5 merfolk javelineers
  5 eidola
  A green death (Zot:5)
  3 crystal guardians (Vaults:4)
  2 jiangshi (Depths:3)
  6 merfolk impalers
  5 fire dragons
  10 ettins
  12 yaktaur captains
  Fannar (D:12)
  12 great orbs of eyes
  Erolcha (D:13)
  8 ice dragons
  7 hydras
  3 rakshasas
  2 peacekeepers (Vaults:4)
  2 catoblepae
  8 ironbound frosthearts
  4 anacondas
  14 centaur warriors
  An alligator (Zot:3)
  5 spriggan air magi
  An ogre mage (D:13)
  5 vault guards
  2 salamander tyrants (Snake:4)
  4 two-headed ogres
  7 boulder beetles
  4 merfolk aquamancers
  2 merfolk avatars
  8 deep troll shamans
  4 alligator snapping turtles
  A vampire mage (Depths:3)
  3 satyrs
  4 tengu warriors
  3 death yaks (Lair:5)
  2 soul eaters (Zig:8)
  3 spriggan berserkers
  3 deep troll earth magi
  2 orc high priests (Orc:2)
  3 naga sharpshooters
  A shock serpent (shapeshifter) (D:15)
  A sixfirhy (Zig:5)
  7 hell knights
  2 occultists
  6 naga warriors
  4 shock serpents
  2 salamander mystics
  4 skysharks
  4 iron trolls (Depths:4)
  2 shadow wraiths
  A spatial maelstrom (Zig:7)
  4 sea snakes
  4 naga ritualists
  2 mana vipers (Snake:3)
  A glowing orange brain (shapeshifter) (Zig:3)
  48 deep trolls
  5 flayed ghosts
  5 glowing orange brains
  An orange crystal statue (Zig:8)
  2 arcanists
  8 lindwurms
  A shadow demon (Zot:5)
  A phantasmal warrior (Zig:8)
  2 obsidian statues (Zig:8)
  13 ironbound convokers
  A lindwurm (shapeshifter) (Depths:3)
  An obsidian bat (Orc:2)
  6 orc knights
  13 ugly things
  2 deep elf pyromancers
  14 harpies
  3 necromancers
  2 orc sorcerers (Orc:2)
  2 deep elf zephyrmancers
  A stone giant zombie (Depths:3)
  24 moths of wrath
  A faun (Shoals:2)
  4 oklob plants
  A salamander (shapeshifter) (Depths:3)
  A large abomination (Zig:7)
  7 cyclopes
  6 manticores
  A meliai (shapeshifter) (Depths:3)
  6 elephants
  5 shining eyes
  2 nameless horrors (Vaults:3)
  2 water nymphs (Shoals:2)
  7 merfolk sirens
  14 salamanders
  An apocalypse crab (Zig:7)
  73 slime creatures
  7 guardian serpents
  15 vault sentinels
  5 meliai
  6 kobold blastminers
  An eye of devastation (shapeshifter) (Depths:3)
  6 eyes of devastation
  10 naga magi
  17 black mambas
  A torpor snail (Lair:5)
  3 smoke demons
  3 unseen horrors (shapeshifter)
  4 rime drakes
  A komodo dragon (shapeshifter) (Depths:3)
  5 cane toads
  5 komodo dragons
  25 yaktaurs
  A freezing wraith (Vaults:4)
  3 wind drakes
  2 ancient zymes (Zig:7)
  3 tengu conjurers
  9 trolls
  A red devil (Depths:4)
  21 merfolk
  A wind drake (shapeshifter) (Depths:4)
  A raiju (shapeshifter) (Depths:3)
  2 hornets (Depths:3)
  A polar bear (Lair:5)
  A snapping turtle (shapeshifter) (Depths:3)
  7 glass eyes
  8 snapping turtles
  6 blink frogs
  8 water elementals
  2 spriggans (Depths:3)
  A spriggan (shapeshifter) (Depths:3)
  A shadow (D:12)
  A fire elemental (D:12)
  23 yaks
  3 wyverns
  2 golden eyes (shapeshifter) (Depths:3)
  2 fire bats (Lair:4)
  2 neqoxecs (Zig:7)
  A steam dragon (Lair:5)
  2 basilisks
  2 wargs (Orc:1)
  A chaos spawn (Zig:3)
  A small abomination (D:14)
  12 nagas
  An acid dragon (D:13)
  2 water moccasins
  2 hell hounds (D:12)
  24 orc warriors
  4 ogres
  A gnoll sergeant (D:13)
  A bullfrog (Lair:3)
  3 earth elementals (Depths:1)
  A killer bee (Lair:1)
  3 lava snakes (D:13)
  8 orc priests
  2 hell rats (Lair:3)
  5 orc wizards
  3 gnolls (D:13)
  28 orcs
  A gnoll zombie (D:13)
  An orc zombie (Orc:1)
  2 aspiring fleshes (Zot:1)
  A butterfly (Lair:5)
1210 creatures vanquished.

Vanquished Creatures (others)
  A juggernaut (Depths:3)
  2 Orb Guardians (Zot:5)
  5 eldritch tentacles
  A spectral Killer Klown (Zot:5)
  A spectral orc (Depths:4)
  A storm dragon (Zot:3)
  A tengu reaver (Depths:3)
  2 fire giants (Depths:1)
  A protean progenitor (Zot:3)
  2 draconian knights (Zig:6)
  A draconian monk (Zot:3)
  7 spectral tentacled monstrosities
  A draconian scorcher (Zot:1)
  A very ugly thing (Depths:3)
  A Killer Klown zombie (Zot:5)
  2 stone giants
  An ironbound preserver (Vaults:1)
  A cacodemon (Depths:3)
  A vampire knight (Depths:1)
  A black draconian (Zot:3)
  2 red draconians
  A white draconian (Zot:3)
  An ettin (Depths:4)
  A spectral quicksilver dragon (Zot:3)
  A spark wasp (Depths:3)
  2 spectral golden dragons
  A very ugly thing zombie (Vaults:4)
  An acid blob zombie (Slime:5)
  A fire dragon (Depths:2)
  A spectral demonspawn (Zot:1)
  3 sphinx zombies
  5 Orb Guardian zombies (Zot:5)
  A peacekeeper (Vaults:4)
  An ironbound frostheart (Vaults:1)
  A spectral protean progenitor (Zot:1)
  A thrashing horror (Zig:7)
  2 spectral balrugs
  A spriggan berserker (Depths:3)
  A hell knight (Depths:2)
  4 storm dragon zombies
  A ghost moth zombie (Zot:5)
  5 anaconda zombies
  A spectral hydra (Lair:4)
  A spectral cacodemon (Depths:3)
  A deep troll (Depths:1)
  A sea snake (Zot:3)
  A spectral tengu (Orc:2)
  8 draconian zombies
  A fire giant zombie (Depths:1)
  2 stone giant zombies (Depths:1)
  4 shock serpent zombies
  A moth of wrath (Zot:2)
  A centaur zombie (D:15)
  3 dire elephant zombies (Vaults:3)
  2 mana viper zombies
  5 green draconian zombies
  3 purple draconian zombies
  A catoblepas zombie (Lair:4)
  A black draconian zombie (Zot:2)
  21 human zombies
  2 white draconian zombies (Zot:3)
  A sea snake zombie (Shoals:4)
  3 unseen horror zombies
  4 red draconian zombies
  A yaktaur (Vaults:1)
  2 great orb of eyes zombies
  7 harpy zombies
  2 hydra zombies
  A merfolk (Shoals:4)
  3 ettin zombies
  A fire dragon zombie (Depths:4)
  2 ice dragon zombies
  7 meliai zombies
  4 moth of wrath zombies
  A spriggan zombie (Depths:4)
  A boulder beetle zombie (Lair:5)
  2 satyr zombies (Zot:3)
  2 guardian serpent zombies
  13 black mamba zombies
  10 slime creature zombies
  A water elemental (Shoals:2)
  A wind drake zombie (Shoals:4)
  5 tengu zombies
  A two-headed ogre zombie (D:13)
  10 deep troll zombies
  3 fire bat zombies
  16 merfolk zombies
  A naga (Snake:4)
  A cane toad zombie (Lair:3)
  A hornet zombie (Lair:5)
  3 spectral efreet
  4 lindwurm zombies
  2 blink frog zombies (Lair:5)
  3 elephant zombies (Lair:5)
  2 manticore zombies
  2 elf zombies (D:15)
  A torpor snail zombie (Lair:5)
  A rime drake zombie (Lair:5)
  6 salamander zombies
  2 kobold zombies
  11 yaktaur zombies
  A wyvern zombie (Lair:5)
  3 hell hound zombies
  A komodo dragon zombie (Lair:4)
  2 warg zombies
  A cyclops zombie (D:13)
  4 water moccasin zombies
  4 yak zombies (Lair:3)
  4 troll zombies
  3 bullfrog zombies
  A black bear zombie (Lair:2)
  4 killer bee zombies (Lair:1)
  16 naga zombies
  3 ogre zombies
  4 hell rat zombies (Lair:3)
  A lava snake zombie (D:13)
  40 orc zombies
  An orc (Orc:2)
  A gnoll zombie (D:13)
  4 tentacles (Shoals:4)
374 creatures vanquished.

Grand Total: 2333 creatures vanquished

Notes
Turn   | Place    | Note
-------+----------+-------------------------------------------
     0 | D:1      | Draconius the Gargoyle Earth Elementalist began the quest
                  | for the Orb.
     0 | D:1      | Reached XP level 1. HP: 10/10 MP: 3/3
   171 | D:1      | Reached XP level 2. HP: 16/16 MP: 3/5
   276 | D:1      | Reached skill level 1 in Fighting
   391 | D:1      | Found a faded altar of an unknown god.
   803 | D:1      | Reached XP level 3. HP: 20/20 MP: 2/6
   807 | D:1      | Learned a level 3 spell: Stone Arrow
  1318 | D:2      | Noticed Terence
  1335 | D:2      | Killed Terence
  1336 | D:2      | Reached skill level 2 in Fighting
  1336 | D:2      | Reached skill level 5 in Earth Magic
  1336 | D:2      | Reached XP level 4. HP: 14/26 MP: 5/7
  1659 | D:2      | Reached XP level 5. HP: 30/30 MP: 6/8
  1755 | D:2      | Noticed Jessica
  1757 | D:2      | Killed Jessica
  2021 | D:3      | Reached skill level 1 in Armour
  2248 | D:3      | Learned a level 2 spell: Blink
  2576 | D:3      | Found a sacrificial altar of Ru.
  2785 | D:4      | Found a sparkling altar of Nemelex Xobeh.
  2947 | D:4      | Reached XP level 6. HP: 36/36 MP: 6/10
  3604 | D:4      | Reached skill level 1 in Translocations
  3746 | D:5      | Entered Level 5 of the Dungeon
  3752 | D:5      | Reached skill level 3 in Fighting
  3757 | D:5      | Reached XP level 7. HP: 29/41 MP: 1/11
  4316 | D:5      | Found a stormy altar of Qazlal.
  4323 | D:5      | Found Mietoy's Armour Boutique.
  4775 | D:6      | Found an ornate altar of the Wu Jian Council.
  4779 | D:6      | Found an iron altar of Okawaru.
  4779 | D:6      | Found a hazy altar of Hepliaklqana.
  4782 | D:6      | Found a bloodstained altar of Trog.
  4847 | D:6      | Found a glowing drain.
  4851 | D:6      | Reached XP level 8. HP: 48/48 MP: 9/13
  4862 | Sewer    | Entered a sewer
  5109 | Sewer    | Reached skill level 4 in Fighting
  6188 | D:6      | Found an opulent altar of Gozag.
  6380 | D:6      | Reached skill level 5 in Fighting
  6437 | D:6      | Reached XP level 9. HP: 54/54 MP: 12/15
  6595 | D:7      | Found a staircase to the Ecumenical Temple.
  6601 | Temple   | Entered the Ecumenical Temple
  6714 | D:7      | Noticed a green ugly thing
  6730 | D:7      | Killed a green ugly thing
  6731 | D:7      | Reached skill level 5 in Spellcasting
  6993 | D:7      | Reached skill level 10 in Earth Magic
  7025 | D:7      | Reached skill level 6 in Fighting
  7426 | D:8      | Found a snail-covered altar of Cheibriados.
  7711 | D:8      | Reached XP level 10. HP: 60/61 MP: 14/18
  7878 | D:8      | Noticed a white ugly thing
  7880 | D:8      | Noticed cinnamon's ghost (novice CoWr)
  7921 | D:8      | Found a transporter.
  7924 | D:8      | Found a transporter.
  7936 | D:8      | Reached skill level 7 in Fighting
  8909 | D:9      | Found Velu's Weapon Shoppe.
  9103 | D:9      | Noticed a cyclops
  9113 | D:9      | Killed a cyclops
  9203 | D:9      | Found a burning altar of Makhleb.
  9203 | D:9      | Noticed a cacodemon
  9389 | D:9      | Found a white marble altar of Elyvilon.
  9466 | D:10     | Entered Level 10 of the Dungeon
  9520 | D:10     | Reached skill level 8 in Fighting
  9565 | D:10     | Learned a level 5 spell: Freezing Cloud
  9572 | D:10     | Reached XP level 11. HP: 68/68 MP: 19/22
  9596 | D:10     | Reached skill level 1 in Ice Magic
  9608 | D:10     | Reached skill level 1 in Air Magic
  9796 | D:10     | Found a staircase to the Lair.
  9812 | D:10     | Found a radiant altar of Vehumet.
  9818 | D:10     | Found a glowing golden altar of the Shining One.
  9997 | D:10     | Found a basalt altar of Yredelemnul.
 10005 | D:10     | Became a worshipper of Yredelemnul the Fallen
 10137 | D:10     | Noticed Gastronok
 10153 | D:10     | Killed Gastronok
 10154 | D:10     | Reached skill level 1 in Invocations
 10357 | D:10     | Found a glowing silver altar of Zin.
 10393 | D:10     | Found a staircase to the Orcish Mines.
 10410 | D:10     | Noticed a two-headed ogre
 10416 | D:10     | Killed a two-headed ogre
 10881 | Lair:1   | Entered Level 1 of the Lair of Beasts
 10945 | Lair:1   | Reached skill level 9 in Fighting
 10997 | Lair:1   | Reached skill level 5 in Conjurations
 11194 | Lair:1   | Reached * piety under Yredelemnul
 11196 | Lair:1   | Reached XP level 12. HP: 76/76 MP: 23/25
 11611 | Lair:1   | Reached ** piety under Yredelemnul
 12201 | Lair:2   | Found a broken altar of Ashenzari.
 12213 | Lair:2   | Noticed a seven-headed hydra
 12218 | Lair:2   | Killed a seven-headed hydra
 12219 | Lair:2   | Reached skill level 10 in Fighting
 12222 | Lair:2   | Found a staircase to the Shoals.
 12327 | Lair:2   | Reached skill level 5 in Invocations
 12452 | Lair:2   | Found a runed translucent door.
 12452 | Lair:2   | Noticed chesyn's ghost (journeyman MDIE)
 12452 | Lair:2   | Noticed a five-headed hydra
 12634 | Lair:2   | Found a dark tunnel.
 12645 | Volcano  | Entered a volcano
 12752 | Volcano  | Noticed a hell hog
 12757 | Volcano  | Killed a hell hog
 12847 | Volcano  | Reached *** piety under Yredelemnul
 12854 | Volcano  | Reached skill level 10 in Spellcasting
 12854 | Volcano  | Reached skill level 5 in Ice Magic
 12854 | Volcano  | Reached XP level 13. HP: 79/83 MP: 25/27
 13393 | Lair:3   | Learned a level 5 spell: Lee's Rapid Deconstruction
 13454 | Lair:3   | Found a staircase to the Snake Pit.
 14007 | Lair:3   | Reached skill level 11 in Fighting
 14012 | Lair:3   | Reached skill level 5 in Air Magic
 14643 | Lair:3   | Identified the +0 leather armour of Iweamal {Rampage}
 14885 | Lair:3   | Reached **** piety under Yredelemnul
 15208 | Lair:3   | Reached skill level 1 in Evocations
 15898 | Lair:4   | Learned a level 4 spell: Martyr's Knell
 16349 | Lair:5   | Entered Level 5 of the Lair of Beasts
 16423 | Lair:5   | Found a snail-covered altar of Cheibriados.
 16508 | Lair:5   | Reached skill level 1 in Summonings
 16542 | Lair:5   | Found a staircase to the Slime Pits.
 16599 | Lair:5   | Reached skill level 1 in Necromancy
 16694 | Lair:5   | Gained mutation: Your large and strong wings let you fly.
                  | [Gargoyle growth]
 16694 | Lair:5   | Reached XP level 14. HP: 85/90 MP: 25/29
 17036 | Lair:5   | Reached ***** piety under Yredelemnul
 17118 | Lair:5   | Reached skill level 12 in Fighting
 17275 | Lair:5   | Identified the +5 trident of Duty {freeze, *Corrode rN++
                  | Int+3}
 18869 | D:12     | Noticed Azrael
 18877 | D:12     | Killed Azrael
 18877 | D:12     | Bound Azrael
 19292 | D:12     | Noticed Fannar
 19299 | D:12     | Killed Fannar
 19708 | D:13     | Reached XP level 15. HP: 97/97 MP: 26/31
 19729 | D:13     | Found a gate to the Vaults.
 20012 | D:13     | Noticed Erolcha
 20019 | D:13     | Killed Erolcha
 20285 | D:13     | Reached skill level 5 in Summonings
 20297 | D:13     | Reached skill level 13 in Fighting
 20389 | D:13     | Noticed a tengu reaver
 20393 | D:13     | Reached skill level 5 in Dodging
 20394 | D:13     | Your ally Azrael died
 20495 | D:13     | Killed a tengu reaver
 20746 | D:14     | Found a glowing silver altar of Zin.
 21028 | D:14     | Found Luing's One-of-a-Kind Rings.
 21081 | D:14     | Bought the ring "Osixt" {rN+ MP+9 Int+6} for 727 gold
                  | pieces
 21516 | D:14     | Reached skill level 5 in Necromancy
 21647 | D:15     | Entered Level 15 of the Dungeon
 21905 | D:15     | Identified the +5 arbalest "Sukeigeuti" {flame, rElec Will-
                  | rCorr Int-4}
 22160 | D:15     | Learned a level 3 spell: Fugue of the Fallen
 22447 | D:15     | Found a staircase to the Depths.
 22621 | D:15     | Found an opulent altar of Gozag.
 22810 | D:15     | Reached XP level 16. HP: 104/104 MP: 11/33
 23056 | Orc:1    | Entered Level 1 of the Orcish Mines
 23094 | Orc:1    | Reached ****** piety under Yredelemnul
 23120 | Orc:1    | Found the +18 Lear's hauberk
 23191 | Orc:1    | Identified the +6 chain mail of the Dolphin {+Blink Str-3
                  | Int+2 Dex+5}
 23548 | Orc:2    | Entered Level 2 of the Orcish Mines
 23850 | Orc:2    | Reached skill level 5 in Evocations
 24013 | Orc:2    | Found a staircase to the Elven Halls.
 24443 | Orc:2    | Found Hiasel's Armour Shoppe.
 24443 | Orc:2    | Found Laoni Kelih's Assorted Antiques.
 24444 | Orc:2    | Found Baocvow's Jewellery Emporium.
 24444 | Orc:2    | Found Wameabun's Assorted Antiques.
 24455 | Orc:2    | Bought a scroll of identify for 62 gold pieces
 24455 | Orc:2    | Bought a scroll labelled OZOIPL ILOCAITZ for 31 gold pieces
 24455 | Orc:2    | Bought a scroll labelled NEDAEFF YHIR for 31 gold pieces
 24460 | Orc:2    | Bought a scroll labelled BOREUG MYSCHI for 29 gold pieces
 24460 | Orc:2    | Bought a fluorescent wand for 116 gold pieces
 24686 | Orc:2    | Found a shimmering altar of Xom.
 24904 | Snake:1  | Entered Level 1 of the Snake Pit
 25107 | Orc:2    | Bought a +2 cloak for 214 gold pieces
 25377 | Snake:1  | Reached skill level 14 in Fighting
 26183 | Snake:2  | Found an ancient bone altar of Kikubaaqudgha.
 26226 | Snake:2  | Found Xigecs's Specific Store.
 26230 | Snake:2  | Found Mucist's General Store.
 26242 | Snake:2  | Found Sosch's Book Boutique.
 26249 | Snake:2  | Bought a Necronomicon for 864 gold pieces
 26257 | Snake:2  | Learned a level 7 spell: Haunt
 26724 | Snake:2  | Found Kuij's Antique Weapon Shop.
 26724 | Snake:2  | Found Teastruwa's Distillery.
 26725 | Snake:2  | Found Jamesacw's Assorted Antiques.
 26730 | Snake:2  | Found Muwkened's General Store.
 26753 | Snake:2  | Bought a scroll of identify for 50 gold pieces
 26760 | Snake:2  | Bought a scroll of identify for 32 gold pieces
 26764 | Snake:2  | Bought a potion of lignification for 54 gold pieces
 26949 | Snake:2  | Reached XP level 17. HP: 112/112 MP: 34/34
 27455 | Snake:3  | Reached skill level 10 in Invocations
 27460 | Snake:3  | Noticed Saint Roka
 27474 | Snake:3  | Noticed Bai Suzhen
 27482 | Snake:3  | Killed Saint Roka
 27482 | Snake:3  | Bound Saint Roka
 27493 | Snake:3  | Killed Bai Suzhen
 27519 | Snake:3  | Found Xecya's Jewellery Shop.
 28280 | Snake:3  | Learned a level 4 spell: Manifold Assault
 28282 | Snake:4  | Entered Level 4 of the Snake Pit
 28329 | Snake:4  | Noticed Vashnia
 28375 | Snake:4  | Killed Vashnia
 28695 | Snake:4  | Reached skill level 15 in Fighting
 28716 | Snake:4  | Reached XP level 18. HP: 89/119 MP: 4/36
 29005 | Snake:4  | Got a serpentine rune of Zot
 29021 | Snake:4  | Reached skill level 1 in Polearms
 29559 | Snake:4  | Found a runed translucent door.
 29559 | Snake:4  | Noticed korenl137's ghost (adept DrSh)
 29578 | Snake:4  | Killed korenl137's ghost
 29581 | Snake:4  | Identified the staff of Qyall {rElec rPois Int+3 Dex+5
                  | Hexes Air}
 29869 | Shoals:1 | Entered Level 1 of the Shoals
 29882 | Shoals:1 | Reached skill level 1 in Shields
 30035 | Shoals:1 | Reached skill level 10 in Summonings
 30354 | Shoals:1 | Found a runed translucent gate.
 30354 | Shoals:1 | Found a runed translucent gate.
 30354 | Shoals:1 | Found a runed translucent gate.
 30355 | Shoals:1 | Noticed Dabriqe's ghost (adept GnFi)
 30356 | Shoals:1 | Noticed Tezivu's ghost (adept DEEE)
 30356 | Shoals:1 | Noticed Maeli's ghost (adept OnGl)
 30356 | Shoals:1 | Noticed Maeli's ghost (adept OnGl)
 30356 | Shoals:1 | Noticed Jedeko's ghost (adept MDMo)
 30640 | Shoals:1 | Killed Tezivu's ghost
 30651 | Shoals:1 | Killed Dabriqe's ghost
 30653 | Shoals:1 | Killed Maeli's ghost
 30657 | Shoals:1 | Killed Maeli's ghost
 30666 | Shoals:1 | Killed Jedeko's ghost
 30814 | Shoals:2 | Found Pig Lora's Antique Weapon Boutique.
 30886 | Shoals:2 | Found Dereuh Peph's Weapon Emporium.
 31059 | Shoals:2 | Noticed Roxanne
 31065 | Shoals:2 | Killed Roxanne
 31158 | Shoals:2 | Identified the +4 dagger of the Turnip {heavy, Fly Dex+2}
 31172 | Shoals:2 | Identified the serpent talisman of the Loving Gods {rElec
                  | rC- Int+5}
 31172 | Shoals:2 | Noticed Aizul
 31184 | Shoals:2 | Killed Aizul
 31971 | Shoals:3 | Reached skill level 5 in Shields
 32001 | Shoals:3 | Identified a scroll of acquirement
 32140 | Shoals:3 | Acquired 1006 gold pieces
 32261 | Snake:2  | Bought a manual of Necromancy for 1280 gold pieces
 32484 | Shoals:3 | Reached XP level 19. HP: 94/125 MP: 23/37
 32766 | Shoals:3 | Noticed Donald
 32774 | Shoals:3 | Killed Donald
 32782 | Shoals:3 | Reached skill level 10 in Necromancy
 33536 | Shoals:4 | Entered Level 4 of the Shoals
 33572 | Shoals:4 | Identified the staff "Beetle's Nightmare" {rN+ MP+9 Int+4
                  | SInv Stlth+ Necro}
 33914 | Shoals:4 | Noticed Ilsuiw
 33928 | Shoals:4 | Killed Ilsuiw
 33933 | Shoals:4 | Your ally Ilsuiw died
 34381 | Shoals:4 | Reached skill level 16 in Fighting
 34381 | Shoals:4 | Found Ekiawkoll's Armour Shoppe.
 34403 | Shoals:4 | Reached skill level 15 in Spellcasting
 34541 | Shoals:4 | Got a barnacled rune of Zot
 35215 | Vaults:1 | Entered Level 1 of the Vaults
 35216 | Vaults:1 | Upgraded the game from 0.32-a0-814-g0968bab to
                  | 0.32-a0-815-g315f82d
 35220 | Vaults:1 | Learned a level 3 spell: Swiftness
 35678 | Vaults:1 | Noticed Nikola
 35691 | Vaults:1 | Killed Nikola
 36058 | Vaults:1 | Identified the +7 arbalest of Bazet {elec, Fly rPois Int-5}
 36491 | Vaults:1 | Found a portal to a secret trove of treasure.
 36907 | Vaults:2 | Reached XP level 20. HP: 111/132 MP: 39/39
 37037 | Vaults:2 | Noticed Sojobo
 37050 | Vaults:2 | Killed Sojobo
 37200 | Vaults:2 | Reached skill level 10 in Shields
 37274 | Vaults:2 | Found Kam Caof's Distillery.
 37280 | Vaults:2 | Bought a potion of degeneration for 13 gold pieces
 37280 | Vaults:2 | Bought a potion of mutation for 104 gold pieces
 37280 | Vaults:2 | Bought a potion of brilliance for 52 gold pieces
 37722 | Vaults:2 | Found a staircase to the Crypt.
 37722 | Vaults:2 | Found an ancient bone altar of Kikubaaqudgha.
 37722 | Vaults:2 | Found a basalt altar of Yredelemnul.
 38488 | Vaults:3 | Reached skill level 17 in Fighting
 38513 | Vaults:3 | Learned a level 8 spell: Infestation
 39056 | Vaults:3 | Reached skill level 15 in Necromancy
 39154 | Vaults:3 | Reached skill level 1 in Staves
 39470 | Vaults:3 | Noticed Margery
 39501 | Vaults:3 | Killed Margery
 39513 | Vaults:3 | Reached XP level 21. HP: 97/139 MP: 7/41
 39738 | Vaults:3 | Upgraded the game from 0.32-a0-815-g315f82d to
                  | 0.32-a0-816-g4c8b870
 39750 | Vaults:4 | Found a glowing golden altar of the Shining One.
 39894 | Vaults:4 | Found Viabb's Book Shoppe.
 40377 | Vaults:4 | Identified the ring "Lucholeti" {Will+ Slay+3}
 40398 | Vaults:4 | Upgraded the game from 0.32-a0-816-g4c8b870 to
                  | 0.32-a0-817-g74ea0c1
 41370 | Depths:1 | Entered Level 1 of the Depths
 41566 | Depths:1 | Reached skill level 18 in Fighting
 41566 | Depths:1 | Reached XP level 22. HP: 147/147 MP: 42/42
 41567 | Depths:1 | Reached XP level 23. HP: 152/152 MP: 43/43
 41671 | Depths:1 | Found an ornate altar of the Wu Jian Council.
 42040 | Depths:1 | Found a gateway to Hell.
 42278 | Depths:1 | Found Tole's Book Emporium.
 42284 | Depths:1 | Bought a Grand Grimoire for 544 gold pieces
 42284 | Depths:1 | Bought a book of Dreams for 384 gold pieces
 42289 | Depths:1 | Learned a level 4 spell: Anguish
 42298 | Depths:1 | Learned a level 7 spell: Malign Gateway
 42308 | Depths:1 | Learned a level 8 spell: Summon Horrible Things
 42459 | Depths:1 | Reached XP level 24. HP: 104/159 MP: 4/43
 42899 | Depths:1 | Upgraded the game from 0.32-a0-817-g74ea0c1 to
                  | 0.32-a0-818-gb728d02
 42946 | Depths:2 | Identified the ring of Ecvyuc {rN+ Str+3}
 42962 | Depths:2 | Noticed a juggernaut
 42968 | Depths:2 | Killed a juggernaut
 42971 | Depths:2 | Reached skill level 5 in Translocations
 43256 | Depths:2 | Found a one-way gate to the infinite horrors of the Abyss.
 43416 | Depths:2 | Identified the ring of the Tired Hells {rF+ Slay+5}
 43443 | Depths:2 | Found a one-way gateway to a ziggurat.
 43546 | Depths:2 | Found a transporter.
 43608 | Depths:2 | Found a glowing silver altar of Zin.
 43665 | Depths:2 | Identified the ring "Soronir" {rF+ rC+ Int+3}
 43707 | Depths:2 | Found a transporter.
 43813 | Depths:2 | Found a one-way gate leading to the halls of Pandemonium.
 43963 | Depths:2 | Identified the ring "Qedghec" {Fire Int+4 Slay+6}
 43985 | Depths:2 | Found a glowing silver altar of Zin.
 43991 | Depths:2 | Reached skill level 19 in Fighting
 44266 | Depths:3 | Noticed a juggernaut
 44276 | Depths:3 | Killed a juggernaut
 44809 | Depths:3 | Found a corrupted altar of Lugonu.
 44867 | Depths:3 | Found a runed translucent gate.
 44867 | Depths:3 | Found a runed translucent gate.
 44868 | Depths:3 | Found a runed translucent gate.
 44895 | Depths:3 | Found a runed translucent gate.
 44895 | Depths:3 | Found a runed translucent gate.
 44903 | Depths:3 | Found a runed translucent gate.
 44903 | Depths:3 | Noticed Wab Jare's ghost (adept TrGl)
 44908 | Depths:3 | Reached XP level 25. HP: 154/166 MP: 17/44
 44909 | Depths:3 | Reached XP level 26. HP: 160/172 MP: 18/44
 44926 | Depths:3 | Killed Wab Jare's ghost
 44965 | Depths:3 | Identified the +1 pair of gloves "Ygain" {rElec rF+ Dex+7
                  | Slay-2}
 44971 | Depths:3 | Gained mutation: Armour fits poorly on your strangely
                  | shaped body. [mutagenic glow]
 45312 | Depths:4 | Entered Level 4 of the Depths
 45315 | Depths:4 | Found a flickering gateway to a bazaar.
 45330 | Depths:4 | Reached XP level 27. HP: 177/177 MP: 44/44
 45336 | Bazaar   | Entered a bazaar
 45336 | Bazaar   | Found Covapte's Magic Scroll Emporium.
 45336 | Bazaar   | Found Jywnoken's Distillery.
 45336 | Bazaar   | Found Dudoiss's Magic Scroll Shoppe.
 45336 | Bazaar   | Found Rur Wac's Jewellery Shop.
 45338 | Bazaar   | Found Buejehaott's Book Shoppe.
 45338 | Bazaar   | Found Dieb's Weapon Boutique.
 45348 | Bazaar   | Bought Great Wizards, Vol. II for 380 gold pieces
 45354 | Bazaar   | Learned a level 5 spell: Borgnjor's Vile Clutch
 45366 | Bazaar   | Learned a level 8 spell: Borgnjor's Revivification
 45372 | Bazaar   | Bought a scroll of enchant armour for 75 gold pieces
 45372 | Bazaar   | Bought a scroll of teleportation for 30 gold pieces
 45372 | Bazaar   | Bought a scroll of teleportation for 30 gold pieces
 45378 | Bazaar   | Bought a potion of brilliance for 32 gold pieces
 45378 | Bazaar   | Bought a potion of heal wounds for 40 gold pieces
 45381 | Bazaar   | Bought the amulet of Vitality {Regen++ RegenMP++} for 800
                  | gold pieces
 45381 | Bazaar   | Found the amulet of Vitality {Regen++ RegenMP++}
 45424 | Depths:4 | Found Inoel's Antique Armour Emporium.
 45495 | Depths:4 | Found Legogg's Book Boutique.
 45545 | Depths:4 | Your ally Saint Roka died
 45573 | Depths:4 | Found a gate to the Realm of Zot.
 45600 | Depths:4 | Found Avvoh's Antique Weapon Boutique.
 45934 | Depths:4 | Reached skill level 15 in Summonings
 46426 | Slime:1  | Entered Level 1 of the Pits of Slime
 46548 | Slime:4  | Gained mutation: Your body sometimes deteriorates upon
                  | taking damage. [a shining eye]
 46570 | Slime:5  | Entered Level 5 of the Pits of Slime
 46607 | Slime:5  | Noticed the Royal Jelly
 46613 | Slime:5  | Killed the Royal Jelly
 46627 | Slime:5  | Reached skill level 20 in Fighting
 46649 | Slime:5  | Identified the amulet of the Heavens {rPois Regen+}
 46656 | Slime:5  | Identified the +4 halberd of the Chain {speed, +Blink rElec
                  | Stlth+}
 46714 | Slime:5  | Identified the +3 halberd "Bagh" {speed, Dex+3 SInv Stlth-}
 46728 | Slime:5  | Got a starry gem with 299 turns to spare
 46730 | Slime:5  | Got a slimy rune of Zot
 47293 | Zig:1    | Entered Level 1 of a ziggurat
 47315 | Zig:2    | Entered Level 2 of a ziggurat
 47342 | Zig:3    | Entered Level 3 of a ziggurat
 47348 | Zig:3    | Noticed Ocoetea the pandemonium lord
 47355 | Zig:3    | Killed Ocoetea the pandemonium lord
 47359 | Zig:3    | Identified the ring "Veaheop" {rElec MP+9}
 47388 | Zig:4    | Entered Level 4 of a ziggurat
 47406 | Zig:4    | Identified the +2 long sword "Stringbean" {venom, Str+3
                  | Dex+6}
 47409 | Zig:4    | Identified the orb "Notef" {light, rF+}
 47426 | Zig:5    | Entered Level 5 of a ziggurat
 47474 | Zig:5    | Identified the +1 dagger of Terra Nullius {vamp, *Rage
                  | rN+++ rCorr Dex+3}
 47483 | Zig:6    | Entered Level 6 of a ziggurat
 47534 | Zig:6    | Identified the ring "Kyumn" {rPois rC+ rCorr Dex-2}
 47537 | Zig:6    | Identified the ring "Seal" {rF- Dex+6 Slay+5 SInv}
 47540 | Zig:7    | Entered Level 7 of a ziggurat
 47609 | Zig:7    | Identified the +5 trident of the Hawk {flame, Will+ Str+4
                  | Dex-2}
 47616 | Zig:7    | Identified the ring "Xinamaec" {Fire Str+5 Int+3}
 47643 | Zig:8    | Entered Level 8 of a ziggurat
 47651 | Zig:8    | Gained mutation: Your spells are a little easier to cast,
                  | but a little less powerful. [a neqoxec]
 47677 | Zig:8    | Found the +8 longbow "Zephyr" {speed, Dex+3 SInv}
 47693 | Zig:8    | Identified the +0 leather armour "Woed" {rPois Dex+2}
 47694 | Zig:8    | Identified the +6 war axe of Wupoi {freeze, Will++ rCorr
                  | Int+2 Dex-2}
 47697 | Zig:8    | Identified the +0 leather armour of Brilliance {Dex+7}
 47822 | Zot:1    | Entered Level 1 of the Realm of Zot
 47830 | Zot:1    | Reached skill level 10 in Translocations
 47886 | Zot:1    | Found a runed translucent gate.
 47886 | Zot:1    | Found a runed translucent gate.
 47886 | Zot:1    | Found a runed translucent gate.
 47888 | Zot:1    | Noticed Foeluo's ghost (master DjHW)
 47939 | Zot:1    | Killed Foeluo's ghost
 47960 | Zot:1    | Got Sif Muna's Folio of the Fjord
 47964 | Zot:1    | Identified the +1 robe of the Shining Light {Str+2 Int+4
                  | Dex+2}
 47965 | Zot:1    | Identified the staff "Caec" {rF+ rN++ Fire}
 48555 | Zot:2    | Reached skill level 21 in Fighting
 49013 | Zot:2    | Learned a level 9 spell: Dragon's Call
 49429 | Zot:3    | Noticed an orb of fire
 49429 | Zot:3    | Gained mutation: You have sharp fingernails. [an orb of
                  | fire]
 49429 | Zot:3    | Gained mutation: Your health recovers twice as slowly from
                  | being drained. [an orb of fire]
 49441 | Zot:3    | Killed an orb of fire
 49756 | Zot:3    | Identified the +4 longbow of Agony {antimagic, ^Fragile
                  | Str+6 Stlth+}
 50220 | Zot:4    | Reached skill level 22 in Fighting
 50324 | Zot:4    | Found an iron altar of Okawaru.
 50861 | Zot:5    | Entered Level 5 of the Realm of Zot
 51227 | Zot:5    | Noticed an orb of fire
 51227 | Zot:5    | Gained mutation: You are frail. (-10% HP) [an orb of fire]
 51254 | Zot:5    | Killed an orb of fire
 51258 | Zot:5    | Noticed an ancient lich
 51265 | Zot:5    | Killed an ancient lich
 51276 | Zot:5    | Noticed a dread lich
 51289 | Zot:5    | Killed a dread lich
 51411 | Zot:5    | Noticed an orb of fire
 51437 | Zot:5    | Killed an orb of fire
 51522 | Zot:5    | Noticed a dread lich
 51524 | Zot:5    | Paralysed by a dread lich for 2 turns
 51532 | Zot:5    | Killed a dread lich
 51540 | Zot:5    | Got the Orb of Zot
 51641 | Zot:4    | Noticed Buaset the pandemonium lord
 51905 | D:14     | Noticed Zitaet the pandemonium lord
 51973 | D:10     | Noticed Wushes the pandemonium lord
 51989 | D:10     | Noticed Leily the pandemonium lord
 52163 | D:$      | Escaped with the Orb!

Illustrated notes

Levels and vault maps discovered:
D:1:      roderic_octagonal_star, layout_basic,
          shapermc_ecumenical_altar_pompeii
D:2:      layout_basic, nicolae_grassy_gnolls, uniq_terence, uniq_jessica
D:3:      layout_loops_ring, nicolae_ru_the_path_less_chosen, serial_park_tiny_2
D:4:      layout_gridville, nemelex_diamond_rough_becter
D:5:      layout_basic, nicolae_qazlal_scattered_showers, serial_shops, shop
D:6:      layout_loops_cross, lemuel_crystal_altar, grunt_temple_overflow_open,
          portal_sewer_entry_a
D:7:      layout_basic, minmay_temple_entry_fiery
D:8:      layout_basic, kennysheep_mini_moat, gammafunk_ghost_arena
D:9:      layout_gridville, lemuel_coloured_pillars_altar,
          makhleb_altar_promises_db, serial_shops, shop
D:10:     layout_grid_maze, mainiacjoe_overflow_chevrons,
          mainiacjoe_overflow_small_starburst, mainiacjoe_overflow_big_doors,
          due_lair_maze_entry_diamond, orc_0_dummy, uniq_gastronok
D:11:     layout_basic
D:12:     layout_cave_pods, uniq_azrael, uniq_fannar
D:13:     kennysheep_four_of_diamonds, layout_stronghold, david_vaults_1,
          uniq_erolcha
D:14:     layout_basic, basic_altar, nicolae_shop_unique_rings, st_stairs_7
D:15:     gammafunk_enter_depths_forms, layout_basic, serial_bayou_pond_d,
          grunt_gozag_breadcrumbs
Temple:   nicolae_temple_great_sept
Lair:1:   layout_cave_pods, special_room [special_room_bee]
Lair:2:   layout_hall_layers, elwin_shoals_entry_stream,
          nicolae_volcano_entry_lava_flow, ebering_ghost_inner_flame,
          basic_altar
Lair:3:   minmay_lair_oklob_tunnel, layout_cave_pods,
          guppyfry_snake_entry_island, serial_bayou_lake_a,
          infiniplex_staircase_pool
Lair:4:   layout_gridlike, serial_bayou_lagoon_a
Lair:5:   gammafunk_lair_ancient_temple, layout_regular_city,
          minmay_slime_entry_oklob_open, kennysheep_snail_temple,
          lemuel_fruit_fields
Shoals:1: layout_shoals, gammafunk_ghost_cemetery, nicolae_shoals_this_corrosion
Shoals:2: layout_shoals, serial_shops, nicolae_lakefront_shop,
          nicolae_shop_overgrown_old_shop, uniq_roxanne, uniq_aizul
Shoals:3: layout_shoals, uniq_donald
Shoals:4: shoals_end_grunt_ice, layout_shoals, shoal_ilsuiw, serial_shops, shop,
          uniq_mlioglotl
Snake:1:  layout_honeycomb, st_stairs_14
Snake:2:  layout_honeycomb, basic_altar, serial_shops, shop,
          nicolae_snake_gridmaze_tees, nicolae_specific_store, minmay_shoptagon
Snake:3:  layout_misc_corridors, serial_shops, nicolae_shop_peninsula,
          uniq_bai_suzhen, uniq_saint_roka
Snake:4:  snake_hunt, layout_onion, gammafunk_ghost_grave, grunt_megastairs_4,
          uniq_vashnia
Slime:1:  layout_caves
Slime:2:  layout_caves, nicolae_slime_crime_time
Slime:3:  layout_caves, nicolae_slime_getting_an_eyeful
Slime:4:  layout_caves
Slime:5:  slime_pit_nicolae_amoeboid
Orc:1:    layout_caves, elf_legates
Orc:2:    st_orc_pillars, layout_diamond_mine, basic_altar
Vaults:1: vaults_room_grunt_arrival_ludios, nicolae_vaults_security_offices_5,
          hangedman_vaults_impose, nicolae_vaults_yaktaur_gun_rack,
          nicolae_vaults_closet_pinwheel_1, v_misc_8, layout_vaults_omnigrid,
          nicolae_trove_entry_crystal, uniq_nikola
Vaults:2: nicolae_vaults_storage_room_statues, v_alt_pattern_2,
          hangedman_vaults_snaps, minmay_crypt_entry_necro_gods,
          nicolae_vaults_trapezoid_lopsided_1, vaults_dpeg_diagonal, v_rooms_6,
          nicolae_vaults_sesquioval_fish, vaults_mumra_minichess,
          vaults_dpeg_hooks, layout_vaults_chaotic_city, serial_shops, shop,
          uniq_sojobo
Vaults:3: nicolae_vaults_tetromino_T_2, nicolae_vaults_weapon_check,
          nicolae_vaults_trapezoid_layered, nicolae_vaults_house_2,
          nicolae_vaults_stepped_doors, vaults_mumra_hexcomb, vaults_dpeg_cross,
          v_rooms_5, v_pattern_2, nicolae_vaults_oval_intersection,
          nicolae_vaults_turnstiles, nicolae_vaults_storage_room_glass,
          layout_vaults_big_cross, uniq_margery
Vaults:4: ontoclasm_vaults_bender, nicolae_vaults_inception_statues,
          ontoclasm_vaults_chip, st_eye, grunt_vaults_trifunnel,
          nicolae_vaults_border_crossing, hangedman_vaults_pinch,
          nicolae_vaults_closet_pinwheel_6, hangedman_vaults_slither,
          nicolae_vaults_bisected_slash, lemuel_angel_altar,
          nicolae_vaults_house_3, vaults_room_hallway, layout_vaults_maze,
          serial_shops, shop_statue
Depths:1: four-leaf_vault, layout_basic, nicolae_wu_jian_immortal_techniques,
          pf_dread_powers_of_hell, hangedman_cracks_in_the_wall,
          minmay_shop_star
Depths:2: hangedman_spin_cycle, abyss_entry, hell_entry, pan_entry
Depths:3: minmay_dotted_concentric_squares, layout_gridlike,
          ploomutoo_gammafunk_ghost_potion_laboratory, hell_entry,
          grunt_decor_clamped, abyss_entry_flame_altar,
          nicolae_elevator_lobby_plus, infiniplex_staircase_pool_lava
Depths:4: evilmike_zot_entry_basic, layout_cave_pools, serial_shops,
          bzr_entry_safe, nicolae_shop_crystal, shop, nicolae_shop_hallway_plus,
          lightli_too_deep, grunt_megastairs_5
Zot:1:    layout_onion, gammafunk_ghost_ooze, regret_index_zotdec_dark_gr,
          zot_minivault_1
Zot:2:    layout_misc_corridors, regret_index_zotdec_zees
Zot:3:    layout_gridlike
Zot:4:    layout_gridlike, regret_index_zotdec_iron_s
Zot:5:    layout_misc_corridors

Skill      XL: |  1  2  3  4  5  6  7  8  9 10 11 12 13 14 15 16 17 18 19 20 21 22 23 24 25 26 27 |
---------------+----------------------------------------------------------------------------------+-----
Earth Magic    | 4 5 6 7 9 11 12 | 12.1
Fighting       | 1 2 3 5 6 8 9 10 11 12 13 14 15 16 17 18 19 22 | 22.8
Conjurations   | 2 3 5 6 7 8 |  8.0
Armour         | 1 2 4 |  4.0
Translocations | 1 2 3 4 7 8 10 | 10.0
Spellcasting   | 3 4 5 7 9 10 11 12 13 14 15 16 17 20 | 20.6
Dodging        | 2 3 4 5 7 8 |  8.0
Ice Magic      | 3 5 6 7 |  7.0
Air Magic      | 3 4 5 |  5.0
Invocations    | 3 5 7 8 9 10 | 10.0
Evocations     | 2 3 4 5 6 7 8 |  8.0
Summonings     | 1 4 5 7 9 10 11 13 14 21 | 21.2
Necromancy     | 1 4 5 6 8 9 12 15 16 17 | 17.0
Polearms       | 1 |  1.1
Shields        | 5 9 10 | 10.0
Staves         | 2 |  2.1
Stealth        | |  2.1

Action                     |  1- 3 |  4- 6 |  7- 9 | 10-12 | 13-15 | 16-18 | 19-21 | 22-24 | 25-27 || total
---------------------------+-------+-------+-------+-------+-------+-------+-------+-------+-------++-------
  Melee: Spear             |     1 |       |       |       |       |   147 |       |       |       ||   148
         Short sword       |     7 |       |    19 |       |       |       |       |       |       ||    26
         Demon trident     |       |       |       |       |       |    17 |       |       |       ||    17
         Staff             |       |       |       |       |       |    25 |   216 |    41 |    24 ||   306
   Fire: Arbalest          |       |       |     3 |    57 |   118 |    46 |       |       |       ||   224
  Throw: Dart              |    11 |    13 |     6 |     7 |       |       |       |       |       ||    37
   Cast: Sandblast         |    46 |    73 |   179 |   270 |   241 |    19 |     4 |       |       ||   832
         Stone Arrow       |       |       |     9 |    20 |    88 |   228 |   107 |     6 |       ||   458
         Lee's Rapid Decon |       |       |       |       |    24 |    54 |    20 |     1 |       ||    99
         Freezing Cloud    |       |       |       |       |    34 |    36 |    14 |       |       ||    84
         Martyr's Knell    |       |       |       |       |    24 |    48 |   114 |    49 |    67 ||   302
         Fugue of the Fall |       |       |       |       |     2 |    14 |    16 |       |       ||    32
         Manifold Assault  |       |       |       |       |       |    61 |    68 |     7 |       ||   136
         Haunt             |       |       |       |       |       |       |   119 |    84 |   107 ||   310
         Infestation       |       |       |       |       |       |       |     4 |    17 |    28 ||    49
         Anguish           |       |       |       |       |       |       |       |    12 |    15 ||    27
         Borgnjor's Vile C |       |       |       |       |       |       |       |       |   199 ||   199
         Summon Horrible T |       |       |       |       |       |       |       |       |    43 ||    43
         Malign Gateway    |       |       |       |       |       |       |       |       |     6 ||     6
         Blink             |       |       |       |       |       |       |       |       |     2 ||     2
 Invoke: Light the Black T |       |       |       |     4 |     8 |     9 |     6 |     2 |    18 ||    47
         Hurl Torchlight   |       |       |       |     1 |     2 |    12 |     6 |     4 |    12 ||    37
         Recall Undead Har |       |       |       |       |     5 |    20 |    16 |     8 |    18 ||    67
         Bind Soul         |       |       |       |       |     3 |     2 |       |       |     7 ||    12
         Fathomless Shackl |       |       |       |       |       |     1 |       |       |       ||     1
  Evoke: Wand              |       |       |       |     2 |       |       |       |       |     1 ||     3
         Phantom mirror    |       |       |       |       |       |     1 |     1 |       |       ||     2
         Phial of floods   |       |       |       |       |       |       |     1 |       |       ||     1
         Condenser vane    |       |       |       |       |       |       |     1 |       |       ||     1
    Use: Potion            |     1 |       |       |     2 |     1 |     6 |     6 |     2 |    19 ||    37
         Scroll            |       |       |     8 |     3 |     3 |    13 |     6 |     5 |    14 ||    52
   Stab: Distracted        |       |       |       |       |       |     6 |     2 |     1 |     1 ||    10
 Armour: Robe              |    13 |    20 |   128 |   261 |   342 |   361 |   197 |    80 |   215 ||  1617
  Dodge: Dodged            |    11 |    11 |   103 |   174 |   236 |   160 |    70 |    25 |    73 ||   863
  Block: Kite shield       |       |       |       |       |       |    26 |    93 |    30 |    99 ||   248

Table legend: (Time is in decaauts)
 A = Elapsed time spent in this place.
 B = Non-inter-level travel time spent in this place.
 C = Inter-level travel time spent in this place.
 D = Time resting spent in this place.
 E = Time spent auto-exploring this place.
 F = Levels seen in this place.
 G = Mean time per level.
                   A        B        C        D        E       F      G
               +--------+--------+--------+--------+--------+-----+--------+
         Total |  52875 |  48306 |   4569 |   3520 |  29693 |  60 |  881.2 |
       Dungeon |  16215 |  14785 |   1430 |    550 |  10859 |  15 | 1081.0 |
        Temple |     23 |     23 |      0 |      0 |      0 |   1 |   23.0 |
          Lair |   7864 |   6646 |   1218 |    621 |   4270 |   5 | 1572.8 |
        Shoals |   5044 |   4794 |    250 |    426 |   3284 |   4 | 1261.0 |
     Snake Pit |   4626 |   4373 |    253 |    162 |   3133 |   4 | 1156.5 |
    Slime Pits |    550 |    487 |     63 |     24 |    134 |   5 |  110.0 |
  Orcish Mines |   1921 |   1693 |    228 |    349 |    742 |   2 |  960.5 |
        Vaults |   6109 |   5738 |    371 |    519 |   3065 |   4 | 1527.2 |
        Depths |   5003 |   4418 |    585 |    306 |   2088 |   4 | 1250.8 |
           Zot |   3873 |   3706 |    167 |    427 |   1217 |   5 |  774.6 |
      Ziggurat |    413 |    413 |      0 |     14 |    178 |   8 |   51.6 |
        Bazaar |     63 |     63 |      0 |      0 |     17 |   1 |   63.0 |
         Sewer |    846 |    846 |      0 |    100 |    536 |   1 |  846.0 |
       Volcano |    319 |    319 |      0 |     21 |    170 |   1 |  319.0 |
               +--------+--------+--------+--------+--------+-----+--------+

Top non-repeatable levels by time:
  Lair:3: 2387 daAuts
  Lair:5: 1862 daAuts
    D:10: 1814 daAuts
Vaults:1: 1628 daAuts
Depths:1: 1617 daAuts
Vaults:2: 1581 daAuts
    D:15: 1512 daAuts
Shoals:4: 1506 daAuts
 Snake:4: 1482 daAuts
Vaults:4: 1477 daAuts
  Lair:1: 1445 daAuts
Vaults:3: 1422 daAuts
   Orc:2: 1402 daAuts
 Snake:2: 1391 daAuts
Shoals:3: 1354 daAuts
